 Dungeon Crawl Stone Soup version 0.31-a0-426-g3a05650e59 (webtiles) character file.

Game seed: 15589269022464933323

2450 LeprechaunX the Grappler (level 9, -29/58 HPs)
             Began as an Octopode Shapeshifter on July 31, 2023.
             Was a Priest of Cheibriados.
             Annihilated by a large abomination (32 damage)
             ... on level 1 of the Abyss.
             The game lasted 00:11:15 (6808 turns).

LeprechaunX the Grappler (Octopode Shapeshifter)    Turns: 6808, Time: 00:11:16

Health: -29/58     AC:  1    Str: 26    XL:     9   Next: 49%
Magic:  11/11      EV: 14    Int: 18    God:    Cheibriados [***...]
Gold:   321        SH:  5    Dex: 21    Spells: 8/8 levels left

rFire   . .          .
                       - Unarmed
rCold   . . .        (no shield)
rNeg    . . .        (helmet currently unavailable)
rPois   .            y - amulet of reflection
rElec   .            (no ring)
rCorr   .            (no ring)
SInv    .            (no ring)
Will    .....        (no ring)
Stlth   +++          (no ring)
HPRegen 0.29/turn    (no ring)
MPRegen 0.12/turn    (no ring)
                     (no ring)

%: reflection
@: beast-form, very slow
A: beast (slay +4), almost no armour, amphibious, 8 rings, camouflage 1,
gelatinous body 1, (nimble swimmer 1), tentacles
a: Begin Untransformation, Renounce Religion, Bend Time, Temporal Distortion


You were on level 1 of the Abyss.
You worshipped Cheibriados.
Cheibriados was most pleased with you.
You were a hulking beast.
You visited 1 branch of the dungeon, and saw 9 of its levels.
You visited the Abyss 1 time.

You collected 321 gold pieces.

Inventory:

Missiles
 c - 2 stones (quivered)
 f - 6 atropa-tipped darts
 C - a throwing net
Jewellery
 q - an amulet of regeneration
 y - an amulet of reflection (around mantle)
Talismans
 b - a beast talisman (active)
Wands
 m - a wand of flame (9)
 t - a wand of light (9)
 B - a wand of digging (9)
Scrolls
 d - 6 scrolls of blinking {unknown}
 e - 5 scrolls of enchant armour {unknown}
 g - 5 scrolls of identify {unknown}
 i - 2 scrolls of enchant weapon {unknown}
 j - 2 scrolls of poison {unknown}
 n - 2 scrolls of noise {unknown}
 p - a scroll of fear {unknown}
 r - a scroll of silence {unknown}
 v - a scroll of revelation {unknown}
 w - a scroll of fog {unknown}
 x - a scroll of butterflies {unknown}
Potions
 a - a potion of lignification
 h - a potion of might {unknown}
 k - 4 potions of heal wounds {unknown}
 l - 6 potions of curing {unknown}
 o - a potion of mutation {unknown}
 s - 2 potions of brilliance {unknown}
 u - a potion of ambrosia {unknown}
 z - 3 potions of haste {unknown}
 A - a potion of enlightenment {unknown}


   Skills:
 - Level 4.0 Fighting
 - Level 3.0 Dodging
 * Level 9.7 Unarmed Combat
 - Level 3.0 Invocations
 + Level 6.2 Shapeshifting


You had 8 spell levels left.
You didn't know any spells.
Your spell library contained the following spells:

 Spells                   Type           Power      Damage    Failure   Level
 Kiss of Death            Conj/Necr      0%         2d5       22%         1
 Slow                     Hex            0%         N/A       22%         1
 Poisonous Vapours        Pois/Air       0%         N/A       32%         2
 Scorch                   Fire           0%         2d5       32%         2
 Static Discharge         Conj/Air       0%         2-2/arc   32%         2
 Confusing Touch          Hex            0%         N/A       54%         3
 Inner Flame              Hex/Fire       0%         N/A       54%         3
 Mephitic Cloud           Conj/Pois/Air  0%         N/A       54%         3
 Tukima's Dance           Hex            0%         N/A       54%         3
 Vampiric Draining        Necr           0%         2d6       54%         3
 Airstrike                Air            0%         2d(0-16)  91%         4
 Dispel Undead            Necr           0%         3d6       91%         4
 Flame Wave               Conj/Fire      0%         2d4       91%         4
 Passage of Golubria      Tloc           0%         N/A       91%         4
 Sticky Flame             Conj/Fire      0%         2d3       91%         4
 Summon Lightning Spire   Summ/Air       0%         N/A       91%         4
 Freezing Cloud           Conj/Ice/Air   0%         6-21      99%         5
 Yara's Violent Unravell  Hex/Tmut       0%         3d3       99%         5
 Summon Cactus Giant      Summ           0%         N/A       100%        6


Dungeon Overview and Level Annotations

Branches:
Dungeon (9/15)             Temple (0/1) D:5
   Lair: D:8-11         Orc: D:9-12

Altars:
Cheibriados
Dithmenos
Gozag
Hepliaklqana
Kikubaaqudgha
Okawaru
Uskayaw
Vehumet
Xom
The Shining One

Shops:
D:3 [   D:9 ?

Annotations:
D:7 1 runed translucent door, Crazy Yiuf


Innate Abilities, Weirdness & Mutations

You are a hulking beast.
Your limbs bulge with bestial killing power. (Slay +4)
You cannot wear most types of armour.
You are amphibious.
You can wear up to eight rings at the same time.
Your skin changes colour to match your surroundings (Stealth+).
Your rubbery body absorbs attacks. (AC +1, EV +1)
((You are camouflaged when in or above water. (Stealth+)))
You have tentacles for arms and can constrict up to eight enemies at once.


Message History

The chaos spawn closely misses you.
You tentacle-slap the chaos spawn.
The chaos spawn is heavily wounded.
The chaos spawn gores you!
The chaos spawn draws strength from your injuries!
You bludgeon the chaos spawn!
The chaos spawn is almost dead.
The chaos spawn gores you!
You are engulfed in flames!
* * * LOW HITPOINT WARNING * * *
You tentacle-slap the chaos spawn.
You kill the chaos spawn!
Cheibriados thoroughly appreciates the change of pace.
The chaos spawn degenerates into a cloud of primal chaos!
You start resting.
An efreet is nearby!
You start resting.
An ufetubus comes into view.
The ufetubus shouts!
You block the ufetubus's attack. The ufetubus barely misses you.
You bludgeon the ufetubus!
You kill the ufetubus!
Cheibriados thoroughly appreciates the change of pace.
You barely miss the large abomination.
You squeeze the large abomination, but do no damage.
The large abomination hits you.
You tentacle-slap the large abomination but do no damage.
The large abomination hits you!
You bludgeon the large abomination!
You squeeze the large abomination, but do no damage.
The large abomination is moderately damaged.
You tentacle-slap the large abomination.
You squeeze the large abomination!
The large abomination is heavily damaged.
The large abomination hits you!!
* * * LOW HITPOINT WARNING * * *
You batter the large abomination!!
The large abomination is almost destroyed.
The large abomination hits you!!
Ouch! That really hurt!
You die...

## . .###
.# .... 5#
##..##.#
#.....#####
#..##...#h#
# .#.#.X##
# .#####
..# ..# #.#
#.# ##


You could see a large abomination.

Vanquished Creatures
  Maggie (D:7)
  A steam dragon (D:7)
  A chaos spawn (Abyss:1)
  Menkaure (D:6)
  2 water moccasins
  An ogre (D:7)
  2 phantoms (D:6)
  3 bullfrogs
  3 scorpions
  3 wights (D:8)
  A hound (D:6)
  4 orc priests
  5 jellies
  A gnoll bouda (D:6)
  4 sleepcaps
  3 iguanas
  An orc wizard (D:5)
  5 adders
  16 gnolls
  2 ufetubi
  A worm (D:5)
  2 dart slugs
  15 orcs
  10 ball pythons
  9 endoplasms
  4 giant cockroaches
  9 goblins
  9 hobgoblins
  4 jackals (D:2)
  7 kobolds
  4 quokkas
  7 bats
  A frilled lizard (D:3)
  A rat (D:1)
143 creatures vanquished.

Notes
Turn   | Place    | Note
-------+----------+-------------------------------------------
     0 | D:1      | LeprechaunX the Octopode Shapeshifter began the quest for
                  | the Orb.
     0 | D:1      | Reached XP level 1. HP: 13/13 MP: 1/1
   215 | D:1      | Found a faded altar of an unknown god.
   249 | D:1      | Reached XP level 2. HP: 18/18 MP: 2/2
   451 | D:1      | Reached XP level 3. HP: 23/23 MP: 3/3
   852 | D:2      | Reached XP level 4. HP: 27/29 MP: 4/4
  1569 | D:3      | Found a snail-covered altar of Cheibriados.
  1583 | D:3      | Became a worshipper of Cheibriados the Contemplative
  1645 | D:3      | Reached skill level 4 in Unarmed Combat
  1879 | D:3      | Reached XP level 5. HP: 34/34 MP: 5/5
  1918 | D:3      | Reached * piety under Cheibriados
  2069 | D:3      | Found Tixtiaff's Armour Emporium.
  2265 | D:3      | Reached skill level 1 in Invocations
  2794 | D:4      | Reached XP level 6. HP: 41/41 MP: 5/7
  3009 | D:4      | Found a glowing golden altar of the Shining One.
  3790 | D:5      | Entered Level 5 of the Dungeon
  3837 | D:5      | Reached skill level 5 in Unarmed Combat
  3955 | D:5      | Found a staircase to the Ecumenical Temple.
  3995 | D:5      | Found an iron altar of Okawaru.
  3996 | D:5      | Found a hazy altar of Hepliaklqana.
  4003 | D:5      | Found an opulent altar of Gozag.
  4009 | D:5      | Found a shimmering altar of Xom.
  4013 | D:5      | Found a hide-covered altar of Uskayaw.
  4017 | D:5      | Found an ancient bone altar of Kikubaaqudgha.
  4164 | D:5      | Reached ** piety under Cheibriados
  4165 | D:5      | Reached XP level 7. HP: 46/46 MP: 8/8
  4766 | D:6      | Reached skill level 6 in Unarmed Combat
  4853 | D:6      | Reached XP level 8. HP: 48/54 MP: 10/10
  4955 | D:6      | You fall into a shaft and drop 3 floors!
  4971 | D:9      | Found Garphi's Magic Scroll Shop.
  5002 | D:7      | Reached skill level 7 in Unarmed Combat
  5070 | D:6      | Found a shadowy altar of Dithmenos.
  5242 | D:6      | Reached skill level 5 in Shapeshifting
  5258 | D:6      | Reached *** piety under Cheibriados
  5338 | D:6      | Found a radiant altar of Vehumet.
  5338 | D:6      | Noticed Menkaure
  5590 | D:7      | Reached skill level 8 in Unarmed Combat
  5699 | D:7      | Noticed Maggie
  5708 | D:7      | Killed Maggie
  5709 | D:7      | Reached XP level 9. HP: 58/58 MP: 11/11
  5843 | D:7      | Reached skill level 9 in Unarmed Combat
  5904 | D:7      | Found a runed translucent door.
  5905 | D:7      | Noticed Crazy Yiuf
  6227 | D:6      | Killed Menkaure
  6518 | Abyss:1  | Cast into level 1 of the Abyss (gnoll sergeant)
  6655 | Abyss:1  | Noticed an efreet
  6808 | Abyss:1  | Annihilated by a large abomination

Illustrated notes

Levels and vault maps discovered:
D:1:      psy_arrival_basics, layout_rooms,
          dreamdust_ecumenical_altar_angels_and_demons, minmay_unequal
D:2:      layout_loops_ring, serial_bayou_ford_a
D:3:      layout_loops_ring, mainiacjoe_overflow_catwalk, serial_shops,
          nicolae_shop_statue_plus, chequers_serial_rivers_micro_d,
          grunt_decor_resistance
D:4:      layout_layer_cave, nicolae_overflow_crystal_walls
D:5:      layout_basic, nicolae_overflow_hallway_of_the_gods,
          minmay_temple_entry_offerings
D:6:      layout_loops_ring, nicolae_overflow_hidden_temple,
          nicolae_dithmenos_the_darkroom, uniq_menkaure
D:7:      layout_loops_ring, uniq_maggie, uniq_crazy_yiuf_cottage
D:8:      layout_basic
D:9:      minmay_ornate_pinched, layout_cross, serial_shops,
          nicolae_shop_hallway_stairs
Abyss:1:  base: D:7, evilmike_abyss_exit_16

Skill      XL: |  1  2  3  4  5  6  7  8  9 |
---------------+----------------------------+-----
Fighting       | 2 3 4 |  4.0
Unarmed Combat | 4 5 6 8 9 |  9.7
Invocations    | 1 2 3 |  3.0
Dodging        | 3 |  3.0
Shapeshifting  | 4 5 6 |  6.2

Action                     |  1- 3 |  4- 6 |  7- 9 || total
---------------------------+-------+-------+-------++-------
  Melee: Unarmed           |    65 |   106 |   117 ||   288
         Constrict         |    16 |    30 |    33 ||    79
         Tentacles         |    10 |    24 |    40 ||    74
         Punch             |     1 |     3 |     8 ||    12
  Throw: Boomerang         |     1 |    34 |    36 ||    71
         Stone             |       |       |     5 ||     5
   Stab: Sleeping          |     5 |     8 |     4 ||    17
 Armour: Skin              |     5 |     3 |       ||     8
  Dodge: Dodged            |    38 |    64 |    73 ||   175
  Block: Other             |       |       |     4 ||     4

Table legend: (Time is in decaauts)
 A = Elapsed time spent in this place.
 B = Non-inter-level travel time spent in this place.
 C = Inter-level travel time spent in this place.
 D = Time resting spent in this place.
 E = Time spent auto-exploring this place.
 F = Levels seen in this place.
 G = Mean time per level.
                   A        B        C        D        E       F      G
               +--------+--------+--------+--------+--------+-----+--------+
         Total |   8744 |   8277 |    467 |    440 |   6413 |  10 |  874.4 |
       Dungeon |   8411 |   7944 |    467 |    228 |   6413 |   9 |  934.6 |
         Abyss |    333 |    333 |      0 |    211 |      0 |   1 |  333.0 |
               +--------+--------+--------+--------+--------+-----+--------+

Top non-repeatable levels by time:
     D:4: 1755 daAuts
     D:5: 1350 daAuts
     D:7: 1178 daAuts
     D:3: 1171 daAuts
     D:6: 1044 daAuts
     D:2: 863 daAuts
     D:1: 697 daAuts
 Abyss:1: 333 daAuts
     D:8: 322 daAuts
     D:9: 28 daAuts
